 Dungeon Crawl Stone Soup version 0.28.0-49-g6dfe1f597d (console) character file.

Game seed: 11314784713361784575

1951 Faeu the Cleaver (level 8, -13/96 (103) HPs)
             Began as a Minotaur Berserker on May 15, 2022.
             Was an Elder of Trog.
             Mangled by an orc knight
             ... wielding a +0 halberd
              (15 damage)
             ... in a bailey.
             The game lasted 00:08:16 (7578 turns).

Faeu the Cleaver (Minotaur Berserker)               Turns: 7578, Time: 00:08:17

HP:   -13/96 (103)  AC: 11    Str: 23    XL:     8   Next: 99%
MP:   7/7           EV:  7    Int:  4    God:    Trog [****..]
Gold: 444           SH:  8    Dex: 11    Spells: 7/7 levels left

rFire   . . .      SeeInvis .   n - +2 hand axe (flame) {axe}
rCold   . . .      Faith    .   F - +0 kite shield
rNeg    . . .      Spirit   .   r - +0 chain mail
rPois   .          Reflect  .   (helmet restricted)
rElec   .          Harm     .   B - scarf {repulsion}
rCorr   +          Rampage  .   (no gloves)
Will    +....                   D - +0 pair of boots
Stlth   ..........              (no amulet)
HPRegen 0.26/turn               A - ring of willpower
MPRegen 0.10/turn               u - ring of resist corrosion

@: berserking, drained, repel missiles, very quick
A: horns 2, retaliatory headbutt
a: Renounce Religion, Berserk, Trog's Hand, Brothers in Arms


You were in a bailey.
You worshipped Trog.
Trog was greatly pleased with you.
You visited 1 branch of the dungeon, and saw 9 of its levels.
You also visited: Bailey.

You collected 444 gold pieces.


Innate Abilities, Weirdness & Mutations

You have a pair of horns on your head.
You reflexively headbutt those who attack you in melee.


   Skills:
 - Level 5.6 Fighting
 + Level 11.5 Axes
 - Level 4.9 Armour
 - Level 4.4 Dodging
 + Level 4.2 Shields


You had 7 spell levels left.
You didn't know any spells.
Your spell library contained the following spells:

 Spells                   Type           Power      Damage    Failure   Level
 Magic Dart               Conj           0%         1d3       100%        1
 Summon Small Mammal      Summ           0%         N/A       100%        1
 Blink                    Tloc           0%         N/A       100%        2
 Call Imp                 Summ           0%         N/A       100%        2
 Corpse Rot               Necr/Air       0%         N/A       100%        2
 Poisonous Vapours        Pois/Air       0%         N/A       100%        2
 Call Canine Familiar     Summ           0%         N/A       100%        3
 Mephitic Cloud           Conj/Pois/Air  0%         N/A       100%        3
 Summon Guardian Golem    Hex/Summ       0%         N/A       100%        3
 Manifold Assault         Tloc           0%         N/A       100%        5
 Storm Form               Tmut/Air       0%         N/A       100%        7

Inventory:

Hand Weapons
 a - a +0 hand axe {axe}
 n - a +2 hand axe of flaming (weapon) {axe}
   (You took it off an orc on level 3 of the Dungeon)
Missiles
 y - 2 boomerangs (quivered) {throwing}
Armour
 b - a +0 animal skin
 r - a +0 chain mail (worn)
   (You took it off an orc on level 3 of the Dungeon)
 B - a scarf of repulsion (worn)
   (You found it on level 7 of the Dungeon)
 D - a +0 pair of boots (worn)
   (You found it on level 8 of the Dungeon)
 F - a +0 kite shield (worn)
   (You took it off an orc on level 8 of the Dungeon)
Jewellery
 k - a ring of flight
   (You found it on level 2 of the Dungeon)
 q - a +6 ring of intelligence
   (You found it on level 3 of the Dungeon)
 u - a ring of resist corrosion (right hand)
   (You found it on level 4 of the Dungeon)
 A - a ring of willpower (left hand)
   (You found it on level 6 of the Dungeon)
Wands
 z - a wand of charming (12)
   (You found it on level 6 of the Dungeon)
Scrolls
 e - 4 scrolls of identify {unknown}
 f - 3 scrolls of amnesia {unknown}
 g - 4 scrolls of immolation {!r!r}
 i - a scroll of magic mapping {unknown}
 j - a scroll of summoning {unknown}
 m - a scroll of silence {unknown}
 p - 4 scrolls of teleportation {unknown}
 v - 2 scrolls of brand weapon {unknown}
 w - a scroll of noise {unknown}
 x - a scroll of enchant armour {unknown}
 E - a scroll of fog {unknown}
Potions
 c - 3 potions of curing {unknown}
 d - a potion of berserk rage {unknown}
 h - 4 potions of degeneration {unknown}
 l - 2 potions of haste {unknown}
 o - 4 potions of heal wounds {unknown}
 s - a potion of flight {unknown}
 t - a potion of lignification {unknown}
 C - a potion of mutation {unknown}
 G - a potion of magic {unknown}
 H - a potion of might {unknown}

Dungeon Overview and Level Annotations

Branches:
Dungeon (9/15)             Temple (0/1) D:7          Bailey (1/1)
   Lair: D:8-11         Orc: D:9-12

Altars:
Cheibriados
Hepliaklqana

Shops:
D:5 *

Annotations:
D:3 3 runed translucent doors, Xye's ghost, amateur HOFi
D:4 3 runed translucent doors, Mindmass's ghost, amateur MiBe
D:5 2 transporters, spica's ghost, novice HOBe
D:6 1 runed translucent door, H0rd4k's ghost, amateur HuAr

##### ##)).##
+##+##'###'##+##+
#.....## ##@)!.!#
#.....### #o!g!.#
+..⌠..')# +!.⌠.!+
#.....### #.!.!.#
##.....## #!.!.!#
##'##'##'###+##+##+
#.###.###)#.# #)# ###
#### ### ###
#)###)###.#g# #.###)#
##'##'##'###+##'##'##
##.....## #.....##


You could see an orc knight and a gnoll.


Message History

You are electrocuted!
The orc knight hits you with a +0 halberd!
You block the gnoll's attack.
You see here a sedimented golden potion.
There are monsters nearby!
You are too injured to fight recklessly!
There are monsters nearby!
You are too injured to fight recklessly!
There are monsters nearby!
You are too injured to fight recklessly!
There are monsters nearby!
You are too injured to fight recklessly!
There are monsters nearby!
You are too injured to fight recklessly!
There are monsters nearby!
You are too injured to fight recklessly!
There are monsters nearby!
You are too injured to fight recklessly!
There are monsters nearby!
You are too injured to fight recklessly!
There are monsters nearby!
You are too injured to fight recklessly!
There are monsters nearby!
You are too injured to fight recklessly!
There are monsters nearby!
You are too injured to fight recklessly!
There are monsters nearby!
You are too injured to fight recklessly!
There are monsters nearby!
You are too injured to fight recklessly!
There are monsters nearby!
You are too injured to fight recklessly!
There are monsters nearby!
You are too injured to fight recklessly!
There are monsters nearby!
You are too injured to fight recklessly!
There are monsters nearby!
You are too injured to fight recklessly!
There are monsters nearby!
You are too injured to fight recklessly!
There are monsters nearby!
You are too injured to fight recklessly!
There are monsters nearby!
You are too injured to fight recklessly!
There are monsters nearby!
You are too injured to fight recklessly!
There are monsters nearby!
You are too injured to fight recklessly!
There are monsters nearby!
You are too injured to fight recklessly!
There are monsters nearby!
You are too injured to fight recklessly!
There are monsters nearby!
You are too injured to fight recklessly!
There are monsters nearby!
You are too injured to fight recklessly!
There are monsters nearby!
You are too injured to fight recklessly!
There are monsters nearby!
You are too injured to fight recklessly!
There are monsters nearby!
You are too injured to fight recklessly!
A red film seems to cover your vision as you go berserk!
You feel yourself moving faster!
You feel mighty! You block the gnoll's attack.
The orc knight hits you with a +0 halberd!
* * * LOW HITPOINT WARNING * * *
The gnoll hits you from afar with a +2 halberd of electrocution!
* * * LOW HITPOINT WARNING * * *
😨 HP[-31]
You now have 96 max hp (+31).
You closely miss the orc knight. You slash the gnoll! You burn the gnoll.
The gnoll barely misses you. You furiously retaliate!
You headbutt the gnoll!
You kill the gnoll!
Trog accepts your kill.
You barely miss the orc knight. You block the gnoll's attack.
The orc knight hits you but does no damage.
You barely miss the orc knight.
The gnoll hits you from afar with a +2 halberd of electrocution!
* * * LOW HITPOINT WARNING * * *
You are electrocuted!
* * * LOW HITPOINT WARNING * * *
The orc knight hits you with a +0 halberd!
* * * LOW HITPOINT WARNING * * *
😱 HP[-33]
You take 33 damage, and now have 1/96 hp.
MASSIVE DAMAGE!! (PAUSE)
You closely miss the orc knight. You hit the orc knight.
You burn the orc knight. The gnoll barely misses you.
You block the orc knight's attack.
You are too berserk!
You closely miss the orc knight. You closely miss the orc knight.
The gnoll barely misses you. You block the orc knight's attack.
You closely miss the orc knight. You slash the orc knight!
You burn the orc knight. You headbutt the orc knight!!
The gnoll barely misses you.
The orc knight hits you but does no damage.
You miss the orc knight. The gnoll hits you but does no damage.
The orc knight hits you with a +0 halberd!
You die...

Skill      XL: |  1  2  3  4  5  6  7  8 |
---------------+-------------------------+-----
Axes           | 4 5 6 9 11 | 11.5
Fighting       | 4 5 |  5.6
Armour         | 3 4 |  4.9
Dodging        | 3 4 |  4.4
Shields        | 4 |  4.2

Action                   |  1- 3 |  4- 6 |  7- 9 || total
-------------------------+-------+-------+-------++-------
Melee: Hand axe          |    78 |    95 |   145 ||   318
       Headbutt          |     8 |    18 |    23 ||    49
       Punch             |     1 |       |     1 ||     2
Invok: Berserk           |     1 |     1 |     2 ||     4
 Stab: Sleeping          |     1 |     2 |       ||     3
Armor: Animal skin       |    14 |     3 |       ||    17
       Chain mail        |       |    43 |    60 ||   103
Dodge: Dodged            |    51 |    55 |    54 ||   160
Block: Kite shield       |       |       |    25 ||    25

Levels and vault maps discovered:
D:1:      dpeg_arrival_central, layout_rooms, kennysheep_doodads
D:2:      layout_loops_ring, hellmonk_ecumenical_altar_leap_of_faith,
          minivault_25, hex_tiny
D:3:      layout_loops_cross, amcnicky_altar_gilded,
          gammafunk_ghost_nasty_kobolds
D:4:      layout_basic, gammafunk_ghost_split, uniq_crazy_yiuf_cottage
D:5:      layout_gridville, serial_shops, nicolae_shop_hallway_stairs,
          gammafunk_ghost_stat_death, serial_bayou_pond_b
D:6:      layout_gridville, kennysheep_mini, ebering_ghost_inner_flame
D:7:      layout_loops_ring, minmay_temple_entry_stoned_glass,
          uniq_prince_ribbit1
D:8:      layout_gridville
D:9:      layout_basic, david_lair_generic, enter_bailey_3
Bailey:   bailey_polearm_nasty_gnolls, bailey

Notes
Turn   | Place    | Note
-------+----------+-------------------------------------------
     0 | D:1      | Faeu the Minotaur Berserker began the quest for the Orb.
     0 | D:1      | Reached XP level 1. HP: 19/19 MP: 0/0
     0 | D:1      | magus.rc [v1.9.6]
   262 | D:1      | Reached XP level 2. HP: 27/27 MP: 1/1
   567 | D:1      | Reached skill level 4 in Axes
   749 | D:2      | Reached skill level 4 in Fighting
   751 | D:2      | Reached ** piety under Trog
   802 | D:2      | Reached skill level 3 in Armour
   802 | D:2      | Reached XP level 3. HP: 33/33 MP: 2/2
   878 | D:2      | You add the spells Blink, Manifold Assault and Storm Form
                  | to your library.
   888 | D:2      | You pick up a book of Vapours {forbidden} and begin
                  | reading...
   888 | D:2      | You add the spells Poisonous Vapours and Corpse Rot to your
                  | library.
  1301 | D:2      | You pick up a book of Callings {forbidden} and begin
                  | reading...
  1301 | D:2      | You add the spells Summon Small Mammal, Call Canine
                  | Familiar and Summon Guardian Golem to your library.
  1510 | D:2      | Found a faded altar of an unknown god.
  1538 | D:3      | Found a hazy altar of Hepliaklqana.
  1631 | D:3      | Reached skill level 3 in Dodging
  1850 | D:3      | Reached XP level 4. HP: 19/40 MP: 3/3
  1853 | D:3      | HP: 10/40 [dart slug/slug dart (3)]
  1858 | D:3      | HP: 9/41 [constriction (1)]
  2155 | D:3      | Found a runed translucent gate.
  2156 | D:3      | Found a runed translucent gate.
  2157 | D:3      | Found a runed translucent gate.
  2157 | D:3      | Noticed Xye's ghost (amateur HOFi)
  2157 | D:3      | Noticed a kobold brigand
  2896 | D:4      | Reached *** piety under Trog
  2899 | D:4      | Reached XP level 5. HP: 47/47 MP: 4/4
  3051 | D:4      | Found a runed translucent gate.
  3051 | D:4      | Found a runed translucent gate.
  3059 | D:4      | Found a runed translucent gate.
  3060 | D:4      | Noticed Mindmass's ghost (amateur MiBe)
  3140 | D:4      | Reached skill level 4 in Armour
  3187 | D:4      | You pick up a book of Callings {forbidden} and begin
                  | reading...
  3279 | D:5      | Entered Level 5 of the Dungeon
  3279 | D:5      | Found Veazeto's Assorted Antiques.
  3365 | D:5      | Noticed spica's ghost (novice HOBe)
  3374 | D:5      | Found a transporter.
  3556 | D:5      | Found a transporter.
  3645 | D:5      | Reached skill level 5 in Fighting
  3645 | D:5      | Reached skill level 5 in Axes
  3703 | D:5      | Reached XP level 6. HP: 54/56 MP: 5/5
  3773 | D:5      | Noticed a water moccasin
  3776 | D:5      | Reached skill level 4 in Dodging
  3784 | D:5      | Killed a water moccasin
  4521 | D:6      | Reached skill level 6 in Axes
  4521 | D:6      | Reached XP level 7. HP: 61/61 MP: 6/6
  4867 | D:6      | Reached skill level 7 in Axes
  4945 | D:6      | You pick up a book of Minor Magic {forbidden} and begin
                  | reading...
  4945 | D:6      | You add the spells Magic Dart, Call Imp and Mephitic Cloud
                  | to your library.
  4979 | D:6      | Found a runed translucent door.
  4979 | D:6      | Noticed a two-headed ogre
  4979 | D:6      | Noticed H0rd4k's ghost (amateur HuAr)
  5108 | D:6      | Found a snail-covered altar of Cheibriados.
  5634 | D:7      | Found a staircase to the Ecumenical Temple.
  5694 | D:7      | Reached skill level 8 in Axes
  6203 | D:8      | Reached skill level 9 in Axes
  6203 | D:8      | Reached XP level 8. HP: 68/69 MP: 7/7
  6382 | D:8      | Noticed a troll
  6389 | D:8      | Killed a troll
  6390 | D:8      | Reached skill level 10 in Axes
  7209 | D:9      | Reached skill level 2 in Shields
  7210 | D:9      | Reached skill level 11 in Axes
  7210 | D:9      | Reached skill level 3 in Shields
  7219 | D:9      | Found a flagged portal.
  7225 | D:9      | Reached skill level 4 in Shields
  7228 | Bailey   | Entered a bailey
  7510 | Bailey   | Reached **** piety under Trog
  7565 | Bailey   | Noticed an orc knight
  7571 | Bailey   | HP: 18/96 [gnoll/+2 halberd of electrocution (9)]
  7571 | Bailey   | HP: 1/96 [orc knight/+0 halberd (17)]
  7578 | Bailey   | Mangled by an orc knight

Vanquished Creatures
  A troll (D:8)
  3 yaks (D:9)
  A water moccasin (D:5)
  An ice beast (D:7)
  A necrophage (D:6)
  A centaur (D:8)
  2 bullfrogs (D:8)
  A scorpion (D:5)
  An electric eel (D:9)
  2 howler monkeys (D:8)
  A bullfrog zombie (D:7)
  A hound (D:6)
  A centaur skeleton (D:6)
  3 iguanas
  6 orc wizards
  A hound zombie (D:3)
  A hound skeleton (D:5)
  A howler monkey skeleton (D:6)
  A howler monkey zombie (D:6)
  8 gnolls (Bailey)
  7 adders
  A shadow imp (D:8)
  2 white imps
  2 ufetubi
  6 dart slugs
  28 orcs
  6 ball pythons
  4 endoplasms
  5 giant cockroaches
  9 goblins
  6 hobgoblins
  5 kobolds
  2 quokkas
  4 bats
  7 frilled lizards
132 creatures vanquished.

Table legend:
 A = Non-vault XP
 B = Vault XP
 C = Vault XP percentage of total XP
 D = Non-vault monster count
 E = Vault monster count
 F = Vault count percentage of total count
                 A         B        C        D         E       F
            +---------+---------+-------+---------+---------+-------
      Total |    2411 |     377 |  13.5 |     113 |      19 |  14.4
            +---------+---------+-------+---------+---------+-------
        D:1 |      34 |       0 |   0.0 |      17 |       0 |   0.0
        D:2 |      21 |       0 |   0.0 |      11 |       0 |   0.0
        D:3 |     125 |       0 |   0.0 |      27 |       0 |   0.0
        D:4 |      76 |       0 |   0.0 |      15 |       0 |   0.0
        D:5 |     178 |     243 |  57.7 |      11 |       3 |  21.4
        D:6 |     305 |       0 |   0.0 |       9 |       0 |   0.0
        D:7 |     263 |       0 |   0.0 |       8 |       0 |   0.0
        D:8 |     755 |       0 |   0.0 |      11 |       0 |   0.0
        D:9 |     654 |       8 |   1.2 |       4 |       4 |  50.0
     Bailey |       0 |     126 | 100.0 |       0 |      12 | 100.0
            +---------+---------+-------+---------+---------+-------

Illustrated notes

Table legend:
 A = Kills in this place as a percentage of kills in entire the game.
 B = Kills by you in this place as a percentage of kills by you in the entire game.
 C = Kills by friends in this place as a percentage of kills by friends in the entire game.
 D = Other kills in this place as a percentage of other kills in the entire game.
 E = Experience gained in this place as a percentage of experience gained in the entire game.
 F = Experience gained in this place divided by the number of levels of this place that you have seen.
                   A       B       C       D       E      F
               +-------+-------+-------+-------+-------+----------------------
         Total | 100.0 | 100.0 |   N/A |   N/A | 100.0 | 278.8
       Dungeon |  90.9 |  90.9 |   N/A |   N/A |  95.5 | 295.8
        Bailey |   9.1 |   9.1 |   N/A |   N/A |   4.5 | 126.0
               +-------+-------+-------+-------+-------+----------------------

Table legend: (Time is in decaauts)
 A = Elapsed time spent in this place.
 B = Non-inter-level travel time spent in this place.
 C = Inter-level travel time spent in this place.
 D = Time resting spent in this place.
 E = Time spent auto-exploring this place.
 F = Levels seen in this place.
 G = Mean time per level.
                   A        B        C        D        E       F      G
               +--------+--------+--------+--------+--------+-----+--------+
         Total |   7607 |   7262 |    345 |    658 |   5704 |  10 |  760.7 |
       Dungeon |   7257 |   6912 |    345 |    649 |   5437 |   9 |  806.3 |
        Bailey |    349 |    349 |      0 |      9 |    267 |   1 |  349.0 |
               +--------+--------+--------+--------+--------+-----+--------+

Top non-repeatable levels by time:
     D:3: 1258 daAuts
     D:6: 1143 daAuts
     D:5: 1138 daAuts
     D:8: 1024 daAuts
     D:2: 797 daAuts
     D:1: 734 daAuts
     D:4: 524 daAuts
     D:7: 430 daAuts
  Bailey: 349 daAuts
     D:9: 205 daAuts
